 Dungeon Crawl Stone Soup version 0.30.0-19-g36f170ea60 (webtiles) character file.

Game seed: 11823597738728066498

436 MacCMillion the Ducker (level 7, -8/55 HPs)
             Began as a Merfolk Gladiator on May 26, 2023.
             Killed by nerve-wracking pain
             ... invoked by Menkaure
              (11 damage)
             ... on level 4 of the Dungeon.
             The game lasted 00:14:11 (3725 turns).

MacCMillion the Ducker (Merfolk Gladiator)          Turns: 3725, Time: 00:14:11

Health: -8/55      AC:  6    Str: 14    XL:     7   Next: 1%
Magic:  7/7        EV: 12    Int: 10    God:
Gold:   262        SH:  4    Dex: 14    Spells: 6/6 levels left

rFire   . . .        p - +3 dagger of Theory {spect, +Blink rPois Int+2 Dex-3}
rCold   . . .        y - +0 buckler
rNeg    . . .        g - +0 ring mail
rPois   +            c - +0 helmet
rElec   .            (no cloak)
rCorr   .            (no gloves)
SInv    +            (no boots)
Will    .....        (no amulet)
Stlth   +            B - ring of see invisible
HPRegen 0.29/turn    (no ring)
MPRegen 0.10/turn

%: no passive effects
@: mighty
A: (nimble swimmer 2), mertail
a: Evoke Blink


You were on level 4 of the Dungeon.
You visited 1 branch of the dungeon, and saw 4 of its levels.

You collected 262 gold pieces.

Inventory:

Hand Weapons
 a - a +0 long sword
 p - the +3 dagger of Theory (weapon) {spect, +Blink rPois Int+2 Dex-3}
   (You found it on level 2 of the Dungeon)

   Int:       It affects your intelligence (+2).
   Dex:       It affects your dexterity (-3).
   rPois:     It protects you from poison.
   +Blink:    It lets you blink.
Missiles
 d - 3 throwing nets (quivered)
 e - 5 javelins
 i - 7 poisoned darts
Armour
 b - a +0 leather armour
 c - a +0 helmet (worn)
 g - a +0 ring mail (worn)
 y - a +0 buckler (worn)
Jewellery
 w - an amulet of magic regeneration
 B - a ring of see invisible (left hand)
Wands
 x - a wand of flame (21)
Scrolls
 f - 5 scrolls of teleportation {unknown}
 h - 3 scrolls of identify {unknown}
 k - 2 scrolls of fear {unknown}
 l - a scroll of magic mapping {unknown}
 n - a scroll of enchant armour {unknown}
 o - 2 scrolls of immolation {unknown}
 s - a scroll of blinking {unknown}
 u - a scroll of vulnerability {unknown}
 z - a scroll of amnesia {unknown}
 C - a scroll of enchant weapon {unknown}
Potions
 j - 2 potions of curing {unknown}
 m - 3 potions of heal wounds {unknown}
 q - a potion of attraction {unknown}
 r - 2 potions of lignification {unknown}
 t - a potion of mutation {unknown}
 v - a potion of magic {unknown}


   Skills:
 + Level 4.7 Fighting
 - Level 5.0 Long Blades
 - Level 3.2 Throwing
 + Level 6.4 Dodging
 + Level 1.5 Shields


You had 6 spell levels left.
You didn't know any spells.
Your spell library was empty.

Dungeon Overview and Level Annotations

Branches:
Dungeon (4/15)
 Temple: D:4-7

Altars:
Fedhas

Annotations:
D:2 1 runed translucent door, Crazy Yiuf
D:4 Menkaure


Innate Abilities, Weirdness & Mutations

((You are very nimble when in or above water. (Stealth+, EV+, Speed+++)))
Your lower body shifts to a powerful aquatic tail in water.


Message History

There is a stone staircase leading up here.
Okay, then.
Unknown command.
The phantom hits you.
The phantom blinks!
You blink.
You stop ascending the stairs.
The phantom attacks as you move away! The phantom hits you.
Found a stone staircase leading down.
Menkaure calls on the powers of darkness!
Your body is wracked with pain!
There is a stone staircase leading up here.
Press: ? - help, v - describe, . - travel A stone staircase leading up.
Unknown command.
Menkaure casts a spell at you. Pain shoots through your body!
The phantom hits you.
* * * LOW HITPOINT WARNING * * *
The phantom blinks!
You blink.
You stop ascending the stairs.
You miss the phantom.
Your +3 dagger of Theory {spect, +Blink rPois Int+2 Dex-3} barely misses the phantom.
You block the phantom's attack.
You hit the phantom.
The phantom is lightly damaged.
Your +3 dagger of Theory {spect, +Blink rPois Int+2 Dex-3} hits the phantom.
The phantom hits you.
* * * LOW HITPOINT WARNING * * *
Menkaure sighs, "It doesn't hurt if you pull your brain out of your nose yourself."
Menkaure gestures wildly while chanting.
Menkaure seems to speed up.
You feel very mighty all of a sudden.
Your +3 dagger of Theory {spect, +Blink rPois Int+2 Dex-3} disappears.
Menkaure hits you.
* * * LOW HITPOINT WARNING * * *
The phantom hits you.
* * * LOW HITPOINT WARNING * * *
You puncture Menkaure!
Menkaure is moderately damaged.
Your +3 dagger of Theory {spect, +Blink rPois Int+2 Dex-3} hits Menkaure.
Menkaure points at you and mumbles some strange words.
Pain shoots through your body!
You die...

..#####+#...###.
#......#...#...
#..........+...
#..........#...
#...<......#...
######+#..........#...
#.....................
#....W...######.......
#....@M...............
######(..#############
......... .#######
.......... ........
........... ........
........... ...^....
.....................
....... .......†
[.......


You could see a phantom, Menkaure (fast) and a friendly +3 dagger of Theory
{spect, +Blink rPois Int+2 Dex-3}.

Vanquished Creatures
  A centaur (D:4)
  An orc priest (D:3)
  2 orc wizards
  Natasha (thrice) (D:2)
  5 adders
  3 gnolls (D:2)
  A white imp (D:4)
  A worm (D:2)
  5 dart slugs
  3 orcs
  10 ball pythons
  5 endoplasms (D:1)
  3 giant cockroaches
  8 goblins
  7 hobgoblins
  11 jackals
  12 kobolds
  3 quokkas
  7 bats
  8 frilled lizards
  11 rats
110 creatures vanquished.

Notes
Turn   | Place    | Note
-------+----------+-------------------------------------------
     0 | D:1      | MacCMillion the Merfolk Gladiator began the quest for the
                  | Orb.
     0 | D:1      | Reached XP level 1. HP: 16/16 MP: 1/1
   213 | D:1      | Reached XP level 2. HP: 23/23 MP: 2/2
   411 | D:1      | Reached XP level 3. HP: 27/28 MP: 3/3
   612 | D:1      | Found a faded altar of an unknown god.
   896 | D:2      | Reached XP level 4. HP: 34/34 MP: 4/4
  1120 | D:2      | Noticed Natasha
  1381 | D:2      | Killed Natasha
  1464 | D:2      | Identified the +3 dagger of Theory {spect, +Blink rPois
                  | Int+2 Dex-3}
  1504 | D:2      | Noticed Natasha
  1514 | D:2      | Killed Natasha
  1515 | D:2      | Reached skill level 5 in Dodging
  1515 | D:2      | Reached XP level 5. HP: 30/41 MP: 5/5
  1557 | D:2      | Noticed Natasha
  1563 | D:2      | Killed Natasha
  1702 | D:2      | Reached skill level 5 in Long Blades
  1779 | D:2      | Found a runed translucent door.
  1780 | D:2      | Noticed Crazy Yiuf
  2497 | D:3      | Reached XP level 6. HP: 48/48 MP: 6/6
  3331 | D:4      | Found a blossoming altar of Fedhas.
  3352 | D:4      | Reached skill level 6 in Dodging
  3433 | D:4      | Reached skill level 1 in Shields
  3433 | D:4      | Reached XP level 7. HP: 27/55 MP: 7/7
  3606 | D:4      | Noticed Menkaure
  3725 | D:4      | Killed from afar by Menkaure

Illustrated notes

Levels and vault maps discovered:
D:1:      elethiomel_arrival_quiet, layout_basic,
          shapermc_ecumenical_altar_mp_highgroup, minmay_tromino_mix6
D:2:      layout_rooms, grunt_decor_arrowhead, chequers_serial_rivers_micro_a,
          minmay_between, uniq_natasha, uniq_crazy_yiuf_cottage
D:3:      layout_loops_corners
D:4:      layout_basic, lemuel_coloured_pillars_altar, minmay_bent,
          uniq_menkaure

Skill      XL: |  1  2  3  4  5  6 |
---------------+-------------------+-----
Long Blades    | 4 5 |  5.0
Fighting       | 3 4 |  4.7
Throwing       | 3 |  3.2
Dodging        | 5 6 |  6.4
Shields        | 1 |  1.5

Action                     |  1- 3 |  4- 6 |  7- 9 || total
---------------------------+-------+-------+-------++-------
  Melee: Long sword        |   121 |    49 |       ||   170
         Punch             |     1 |     1 |       ||     2
         Dagger            |       |   140 |     6 ||   146
    Use: Potion            |       |       |     1 ||     1
   Stab: Distracted        |       |       |     1 ||     1
 Armour: Leather armour    |     1 |       |       ||     1
         Ring mail         |    38 |    54 |     1 ||    93
  Dodge: Dodged            |    80 |   109 |       ||   189
  Block: Buckler           |       |     7 |     1 ||     8
